 Dungeon Crawl Stone Soup version 0.30.1 (webtiles) character file.

Game seed: 4842756292227011956

345 Pepete the Conjurer (level 6, -3/48 HPs)
             Began as a Demigod Conjurer on July 2, 2023.
             Slain by a sleepcap (6 damage)
             ... on level 4 of the Dungeon.
             The game lasted 00:06:18 (7028 turns).

Pepete the Conjurer (Demigod Conjurer)              Turns: 7028, Time: 00:06:19

Health: -3/48      AC:  5    Str:  8    XL:     6   Next: 10%
Magic:  14/14      EV: 11    Int: 28    God:
Gold:   235        SH:  0    Dex: 12    Spells: 10/11 levels left

rFire   + . .        d - +0 whip (venom)
rCold   + . .        (no shield)
rNeg    . . .        o - +0 leather armour
rPois   +            (no helmet)
rElec   +            (no cloak)
rCorr   +            h - +1 pair of gloves
SInv    .            (no boots)
Will    .....        k - amulet of magic regeneration
Stlth   ++           (no ring)
HPRegen 0.28/turn    (no ring)
MPRegen 0.54/turn

%: no passive effects
@: resistant
A: high MP 1, forlorn, divine attributes
a: no special abilities


You were on level 4 of the Dungeon.
You visited 1 branch of the dungeon, and saw 4 of its levels.

You collected 235 gold pieces.

Inventory:

Hand Weapons
 d - a +0 whip of venom (weapon)
Armour
 a - a +0 robe
 h - a +1 pair of gloves (worn)
 o - a +0 leather armour (worn)
Magical Staves
 c - a staff of air
Jewellery
 k - an amulet of magic regeneration (around neck)
 q - a ring of wizardry
Scrolls
 f - a scroll of teleportation
Potions
 b - a potion of magic
 n - a potion of degeneration {unknown}


   Skills:
 + Level 1.7 Fighting
 + Level 1.4 Maces & Flails
 + Level 2.1 Armour
 - Level 1.7 Dodging
 - Level 1.7 Stealth
 * Level 3.3 Spellcasting
 * Level 5.0 Conjurations


You had 10 spell levels left.
You knew the following spells:

 Your Spells              Type           Power      Damage    Failure   Level
a - Magic Dart            Conj           100%       1d8       1%          1

Your spell library contained the following spells:

 Spells                   Type           Power      Damage    Failure   Level
 Searing Ray              Conj           64%        2d6       2%          2
 Dazzling Flash           Conj/Hex       36%        N/A       12%         3
 Fulminant Prism          Conj/Hex       9%         3d6       38%         4
 Iskenderun's Mystic Bla  Conj/Tloc      18%        2d6       38%         4


Dungeon Overview and Level Annotations

Branches:
Dungeon (4/15)
 Temple: D:4-7

Shops:
D:1 =


Innate Abilities, Weirdness & Mutations

You have an increased reservoir of magic. (+10% MP)
You shall have no god before yourself.
Your divine heritage dramatically boosts your attributes as you level up.


Message History

The magic dart hits the sleepcap but does no damage.
The sleepcap is heavily damaged.
The sleepcap releases spores at you.
You are engulfed in a cloud of soporific spores!
You fall asleep.
The sleepcap releases spores at you!!
You wake up.
* * * LOW HITPOINT WARNING * * *
You are too injured to fight recklessly!
You are too injured to fight recklessly!
You are confused.
You feel invigorated.
The sleepcap releases spores at you but does no damage.
You feel better.
You feel less invigorated. The sleepcap releases spores at you.
You are engulfed in a cloud of soporific spores!
You are unaffected.
You hit the sleepcap but do no damage.
The sleepcap is heavily damaged.
The sleepcap releases spores at you.
You are engulfed in a cloud of soporific spores!
You are unaffected.
You hit the sleepcap but do no damage.
The sleepcap is heavily damaged.
The sleepcap closely misses you.
You completely miss the sleepcap.
The sleepcap is heavily damaged.
The sleepcap releases spores at you.
You are engulfed in a cloud of soporific spores!
You fall asleep.
The sleepcap completely misses you.
The sleepcap releases spores at you but does no damage.
The sleepcap releases spores at you!!
You wake up.
* * * LOW HITPOINT WARNING * * *
You hit the sleepcap but do no damage.
The sleepcap is heavily damaged.
The sleepcap closely misses you.
It was a potion of resistance.
You feel protected. The sleepcap releases spores at you.
You die...

...##.. #....# ##....
###....# ...#..
#...<..# #..## #
#.....# ..## #.....#
..# #.....#############
.##
..#####..............
..#
.....8#..............
..##
_....Sf@..........##.
#..#
.....8#...........#
##.# ..###
#...........### #.#
...............## ###
##.........(......
##### .................
.##.#
...................
....#
#.........#........
....#
#####.......###........


You could see a sleepcap and a ball python.

Vanquished Creatures
  A centaur (D:4)
  A scorpion (D:4)
  An orc wizard (D:4)
  A gnoll (D:1)
  6 adders
  An ufetubus (D:4)
  4 worms (D:2)
  5 dart slugs
  7 orcs
  4 ball pythons
  9 bats
  6 endoplasms
  6 giant cockroaches
  5 goblins
  7 hobgoblins
  4 jackals (D:2)
  5 quokkas
  2 frilled lizards
  8 kobolds
  A rat (D:2)
84 creatures vanquished.

Notes
Turn   | Place    | Note
-------+----------+-------------------------------------------
     0 | D:1      | Pepete the Demigod Conjurer began the quest for the Orb.
     0 | D:1      | Reached XP level 1. HP: 14/14 MP: 5/5
   441 | D:1      | Found Vaschor's One-of-a-Kind Rings.
   558 | D:1      | Reached XP level 2. HP: 20/20 MP: 0/7
  1726 | D:1      | Reached skill level 4 in Conjurations
  2068 | D:2      | Reached XP level 3. HP: 27/27 MP: 7/9
  2105 | D:2      | Reached skill level 1 in Armour
  3203 | D:2      | Reached XP level 4. HP: 34/34 MP: 6/10
  3770 | D:2      | Reached skill level 1 in Fighting
  5725 | D:4      | Reached skill level 1 in Maces & Flails
  5725 | D:4      | Reached XP level 5. HP: 24/40 MP: 5/12
  6581 | D:4      | Noticed a centaur
  6884 | D:4      | Killed a centaur
  6885 | D:4      | Reached skill level 5 in Conjurations
  6885 | D:4      | Reached XP level 6. HP: 27/48 MP: 14/14
  7026 | D:4      | HP: 2/48 [sleepcap (18)]
  7028 | D:4      | Slain by a sleepcap

Illustrated notes

Levels and vault maps discovered:
D:1:      dpeg_arrival_short_road, layout_loops_ring,
          ebering_ecumenical_altar_sacrificial, chequers_hall_statues_corner_a,
          nicolae_shop_unique_rings, nicolae_grassy_gnolls
D:2:      layout_rooms
D:3:      layout_basic, minivault_5, grunt_decor_junction,
          chequers_serial_rivers_micro_e, kennysheep_generic_room_3
D:4:      mumra_celtic_spiral_tile, layout_layer_cave, doesnt_xom_only_xom,
          lemuel_doored_altar, minmay_checkerbox

Skill      XL: |  1  2  3  4  5 |
---------------+----------------+-----
Spellcasting   | 2 3 |  3.3
Conjurations   | 4 5 |  5.0
Armour         | 1 2 |  2.1
Fighting       | 1 |  1.7
Maces & Flails | 1 |  1.4
Dodging        | |  1.7
Stealth        | |  1.7

Action                     |  1- 3 |  4- 6 || total
---------------------------+-------+-------++-------
  Melee: Unarmed           |     6 |       ||     6
         Whip              |    13 |    13 ||    26
   Cast: Magic Dart        |    94 |   130 ||   224
    Use: Scroll            |     8 |     5 ||    13
         Potion            |     4 |     8 ||    12
   Stab: Invisible         |       |     1 ||     1
 Armour: Robe              |     6 |     2 ||     8
         Leather armour    |       |     7 ||     7
  Dodge: Dodged            |    25 |    38 ||    63
